 Dungeon Crawl Stone Soup version 0.27-a0-1119-gbf574a6a6b (webtiles) character file.

Game seed: 12715918403937965991

14 Zeld the Shield-Bearer (level 2, 0/21 HPs)
             Began as an Octopode Fighter on May 2, 2021.
             Slain by an adder (4 damage)
             ... on level 4 of the Dungeon.
             The game lasted 00:00:46 (298 turns).

Zeld the Shield-Bearer (Octopode Fighter)            Turns: 298, Time: 00:00:47

Health: 0/21       AC:  1    Str: 15    XL:     2   Next: 41%
Magic:  2/2        EV: 11    Int: 10    God:
Gold:   3          SH:  8    Dex: 11    Spells: 1/1 levels left

rFire    . . .     SeeInvis .   a - +0 war axe
rCold    . . .     Faith    .   b - +0 kite shield
rNeg     . . .     Spirit   .   (helmet restricted)
rPois    .         Reflect  .   d - amulet of regeneration
rElec    .         Harm     .   (no ring)
rCorr    .         Rampage  .   (no ring)
Will     .....                  (no ring)
Stlth    ++........             (no ring)
HPRegen  1.07/turn              (no ring)
MPRegen  0.08/turn              (no ring)
                                (no ring)
                                (no ring)

@: lethally poisoned (0 -> -1)
A: almost no armour, amphibious, 8 rings, camouflage 1, gelatinous body 1,
(nimble swimmer 1), tentacles
a: no special abilities


You were on level 4 of the Dungeon.
You visited 1 branch of the dungeon, and saw 4 of its levels.

You collected 3 gold pieces.

Inventory:

Hand Weapons
 a - a +0 war axe (weapon)
Missiles
 g - 28 poisoned darts (quivered)
Armour
 b - a +0 kite shield (worn)
Jewellery
 d - an amulet of regeneration (around mantle)
Scrolls
 e - 2 scrolls of identify {unknown}
 f - a scroll of brand weapon {unknown}
Potions
 c - a potion of might


   Skills:
 - Level 3.2 Fighting
 - Level 2.3 Axes
 * Level 0.4 Throwing
 - Level 3.0 Dodging
 - Level 3.2 Shields


You had one spell level left.
You didn't know any spells.
Your spell library was empty.

Dungeon Overview and Level Annotations

Branches:
Dungeon (4/15)
 Temple: D:4-7

Altars:
Ru


Innate Abilities, Weirdness & Mutations

You cannot wear most types of armour.
You are amphibious.
You can wear up to eight rings at the same time.
Your skin changes colour to match your surroundings (Stealth+).
Your rubbery body absorbs attacks. (AC +1, EV +1)
((You are camouflaged near water. (Stealth+)))
You have tentacles for arms and can constrict up to eight enemies at once.


Message History

No target in view!
Found a stone staircase leading down.
There is a stone staircase leading down here.
g - 28 poisoned darts (gained 17)
Found a stone staircase leading up.
You now have 3 gold pieces.
There is a stone staircase leading up here.
e - 2 scrolls labelled KEQEOJ LAITOHY (gained 1) 2 jackals come into view.
The jackal barks!
You hear an angry hiss.
The jackal barks!
An adder comes into view.
A hobgoblin comes into view.
The hobgoblin shouts!
The jackal bites you.
You hit the jackal. You grab the jackal.
The jackal is severely wounded.
You constrict the jackal.
You kill the jackal!
The jackal bites you but does no damage.
Your shield prevents you from hitting the adder.
Your grab misses the adder. You squeeze the adder!
The adder is severely wounded.
You barely miss the jackal. The jackal bites you. The adder bites you.
You are poisoned.
The adder poisons you! The jackal bites you. The adder bites you.
The jackal bites you.
You barely miss the adder. Your grab misses the adder.
The adder is severely wounded.
Your shield prevents you from hitting the jackal.
You feel sick. The adder bites you.
* * * LOW HITPOINT WARNING * * *
You are more poisoned.
The adder poisons you! The jackal closely misses you.
You block the adder's attack. You block the jackal's attack.
You closely miss the adder. Your grab misses the adder.
The adder is severely wounded.
You hit the jackal.
You feel very sick. The adder bites you.
You die...

#.........#.............
#.....#.#...............
........#...............
.....##...........###...
.........#..........###.
##.......###.#..........
...#....## #####...#....
#..#....# ..###...
.......@# .# #..#
.##.###hS..# #..# ##
.g......# .....
.......... .....#
.#......... .#...#
###......... #...
#......... .##.
.......... .... ... ...#
.#


You could see an adder, a jackal and a hobgoblin.

Vanquished Creatures
  An adder (D:2)
  An endoplasm (D:4)
  A jackal (D:4)
  2 ball pythons (D:4)
5 creatures vanquished.

Notes
Turn   | Place    | Note
-------+----------+-------------------------------------------
     0 | D:1      | Zeld the Octopode Fighter began the quest for the Orb.
     0 | D:1      | Reached XP level 1. HP: 16/16 MP: 1/1
    83 | D:2      | Reached XP level 2. HP: 21/21 MP: 2/2
   122 | D:2      | Found a sacrificial altar of Ru.
   298 | D:4      | Slain by an adder

Illustrated notes

Levels and vault maps discovered:
D:1:      beargit_arrival_diablo_church, layout_rooms,
          chequers_ecumenical_altar_island, minivault_11, minmay_statues_item
D:2:      minmay_chambers_of_ones, layout_basic, basic_altar, uniq_natasha,
          uniq_robin
D:3:      layout_basic, grunt_temple_overflow_gold_and_silver
D:4:      layout_cave_pools, minivault_19

Action                   || total
-------------------------++-------
Melee: War axe           ||    10
       Constrict         ||     2
       Tentacles         ||     2
Armor: Skin              ||     1
Dodge: Dodged            ||     8
Block: Kite shield       ||     5

Table legend: (Time is in decaauts)
 A = Elapsed time spent in this place.
 B = Non-inter-level travel time spent in this place.
 C = Inter-level travel time spent in this place.
 D = Time resting spent in this place.
 E = Time spent auto-exploring this place.
 F = Levels seen in this place.
 G = Mean time per level.
                   A        B        C        D        E       F      G
               +--------+--------+--------+--------+--------+-----+--------+
         Total |    302 |    270 |     32 |      0 |    222 |   4 |   75.5 |
       Dungeon |    302 |    270 |     32 |      0 |    222 |   4 |   75.5 |
               +--------+--------+--------+--------+--------+-----+--------+

Top non-repeatable levels by time:
     D:4: 110 daAuts
     D:2: 109 daAuts
     D:1: 78 daAuts
     D:3: 5 daAuts
